 Dungeon Crawl Stone Soup version 0.24.0-123-gd5b16e6ec5 (webtiles) character file.

Game seed: 898613843966653092, levelgen mode: deterministic

133 Enkuryo the Chopper (level 5, -3/47 HPs)
             Began as a Hill Orc Berserker on Jan 15, 2020.
             Was a Believer of Trog.
             Killed from afar by Pikel (11 damage)
             ... with a puff of flame
             ... on level 4 of the Dungeon.
             The game lasted 00:17:38 (2356 turns).

Enkuryo the Chopper (Hill Orc Berserker)            Turns: 2356, Time: 00:17:39

Health: -3/47      AC: 10    Str: 21    XL:     5   Next: 16%
Magic:  5/5        EV:  8    Int: 15    God:    Trog [**....]
Gold:   141        SH:  0    Dex: 10    Spells: 4/4 levels left

rFire    . . .     SeeInvis .   i - +0 war axe
rCold    . . .     Gourm    .   (no shield)
rNeg     . . .     Faith    .   m - +1 chain mail
rPois    .         Spirit   .   (no helmet)
rElec    .         Reflect  .   (no cloak)
rCorr    .         Harm     .   (no gloves)
MR       .....     Rnd*Rage +   (no boots)
Stlth    ..........             (no amulet)
HPRegen  0.15/turn              d - +6 ring of intelligence
MPRegen  0.09/turn              (no ring)

@: berserk cooldown, slowed, very slow
A: claws 1, berserk 1, clever 1
a: Berserk, Trog's Hand, Renounce Religion


You were on level 4 of the Dungeon.
You worshipped Trog.
Trog was pleased with you.
You were very hungry.

You visited 1 branch of the dungeon, and saw 4 of its levels.

You collected 141 gold pieces.

Inventory:

Hand Weapons
 i - a +0 war axe (weapon)
 k - a +1 hand axe
Armour
 m - a +1 chain mail (worn)
Jewellery
 d - a +6 ring of intelligence (left claw)
Scrolls
 b - a scroll of fog
 e - a scroll of identify
 f - a scroll of random uselessness
 h - a scroll of magic mapping
 o - a scroll of teleportation
Potions
 a - 2 potions of curing
 l - 2 potions of might
Comestibles
 c - 4 rations


   Skills:
 + Level 4.5 Fighting
 * Level 5.6 Axes
 + Level 3.1 Armour
 + Level 2.3 Dodging


You had 4 spell levels left.
You didn't know any spells.
Your spell library was empty.

Dungeon Overview and Level Annotations

Branches:
Dungeon (4/15)
 Temple: D:4-7

Altars:
Fedhas
The Shining One

Annotations:
D:4 Pikel


Innate Abilities, Weirdness & Mutations

You have sharp fingernails.
You tend to lose your temper in combat.
Your mind is acute. (Int +2)


Message History

Pikel zaps a wand.
The puff of flame hits you.
* * * LOW HITPOINT WARNING * * *
A red film seems to cover your vision as you go berserk!
You feel yourself moving faster!
You feel mighty!
You are feeling very hungry.
Pikel zaps a wand.
The puff of flame hits you but does no damage.
You are too injured to fight recklessly!
You feel a strong urge to attack something.
You feel your anger nearly subside.
You are no longer berserk.
You are exhausted.
You feel yourself slow down.
You see here a glaive.
Pikel zaps a wand.
The puff of flame misses you.
Pikel zaps a wand.
The puff of flame hits you.
* * * LOW HITPOINT WARNING * * *
There is a stone staircase leading up here.
Pikel zaps a wand.
The puff of flame hits you!
You die...

#.. #.# #.# .
#.#
#...#########
#.#
#.pap.pK.p.#
#.#
...p#######.#
#.# .
#.###@####.#
#ppK.......#
#.....######
#.##### #.#
..# ####


You could see Pikel and 2 slaves.

Vanquished Creatures
  An orc priest (D:3)
  3 adders
  A worm (D:3)
  A dart slug (D:3)
  4 leopard geckos
  13 orcs (D:3)
  10 bats
  7 goblins
  2 hobgoblins (D:1)
  A ball python (D:1)
  3 frilled lizards (D:1)
  6 kobolds
  5 rats
57 creatures vanquished.

Notes
Turn   | Place    | Note
-------+----------+-------------------------------------------
     0 | D:1      | Enkuryo the Hill Orc Berserker began the quest for the Orb.
     0 | D:1      | Reached XP level 1. HP: 19/19 MP: 1/1
   259 | D:1      | Reached XP level 2. HP: 23/27 MP: 2/2
   650 | D:1      | Reached XP level 3. HP: 32/33 MP: 3/3
  1118 | D:2      | Reached ** piety under Trog
  1360 | D:2      | Found a glowing golden altar of the Shining One.
  1401 | D:2      | Gained mutation: You tend to lose your temper in combat.
                  | [potion of mutation]
  1401 | D:2      | Gained mutation: Your mind is acute. (Int +2) [potion of
                  | mutation]
  1401 | D:2      | Gained mutation: You have sharp fingernails. [potion of
                  | mutation]
  1543 | D:3      | Reached skill level 5 in Axes
  1549 | D:3      | Reached XP level 4. HP: 25/40 MP: 4/4
  1692 | D:3      | Reached XP level 5. HP: 12/47 MP: 5/5
  1992 | D:3      | Found a blossoming altar of Fedhas.
  2328 | D:4      | Noticed a slave
  2331 | D:4      | Noticed a slave
  2332 | D:4      | Noticed a slave
  2334 | D:4      | Noticed Pikel
  2342 | D:4      | Noticed a slave
  2356 | D:4      | Killed from afar by Pikel

Levels and vault maps discovered:
D:1:      sevenhm_arrival_forest_fort_large_4, layout_basic
D:2:      layout_rooms, nicolae_tso_carved_into_rock
D:3:      layout_rooms, fedhas_altar_3
D:4:      layout_loops_ring, first_ration, uniq_pikel, uniq_robin

Skill      XL: |  1  2  3  4 |
---------------+-------------+-----
Fighting       | 4 |  4.5
Dodging        | 2 |  2.3
Axes           | 5 |  5.6
Armour         | 3 |  3.1

Action                   |  1- 3 |  4- 6 || total
-------------------------+-------+-------++-------
Melee: Hand axe          |    82 |       ||    82
       War axe           |     8 |    64 ||    72
Invok: Berserk           |     1 |     2 ||     3
  Use: Scroll            |     7 |     2 ||     9
       Potion            |     7 |     2 ||     9
  Eat: Chunk             |     1 |     5 ||     6
Armor: Animal skin       |     3 |       ||     3
       Ring mail         |    22 |       ||    22
       Chain mail        |    40 |    64 ||   104
Dodge: Dodged            |    49 |    48 ||    97
